Map: Central Protocol

Players

Arthas

  • Race: Zerg Zerg
  • League: Platinum

Peteie - Winner!

  • Race: Terran Terran
  • League: Platinum

VOD

Have the link to the VOD?

Description

Time

  • Played on: March 5, 2016, 11:06 p.m.
  • Length: 13:57
Show
View Real Time Build Order
Export as new Build Order

Arthas Zerg 

Build Orders: Hatch First, Muta Ling Bane 

Get SALT Encoding   

  12  0:01  Drone  
  13  0:13  Overlord  
  13  0:18  Drone  
  14  0:31  Drone x2  
  16  0:38  Drone  
  17  0:56  Hatchery  
  16  0:58  Drone  
  16  1:03  Drone  
  18  1:14  Extractor  
  18  1:18  Spawning Pool  
  16  1:20  Drone  
  16  1:24  Drone  
  18  1:29  Drone  
  19  1:39  Overlord  
  19  2:05  Zergling x4  
  19  2:06  Queen  
  23  2:11  Queen  
  25  2:17  Metabolic Boost  
  25  2:18  Drone x2  
  27  2:30  Overlord  
  27  2:31  Drone x2  
  29  2:42  Drone x2  
  31  2:47  Queen  
  33  2:53  Overlord x2  
  33  2:55  Drone  
  34  3:03  Drone  
  34  3:15  Queen  
  34  3:17  Drone x5  
  41  3:21  Drone x2  
  43  3:36  Roach Warren  
  43  3:39  Extractor  
  41  3:41  Zergling x2  
  41  3:42  Zergling x2  
  43  3:55  Drone x5  
  46  3:56  Drone x2  
  50  4:03  Overlord  
  50  4:04  Drone x3  
  53  4:13  Drone  
  54  4:21  Roach x3  
  54  4:22  Roach  
  62  4:31  Hatchery  
  61  4:34  Lair  
  61  4:41  Extractor  
  60  4:45  Evolution Chamber  
  60  4:46  Evolution Chamber  
  60  4:47  Baneling Nest  
  60  4:48  Spore Crawler  
  60  4:52  Ravager x2  
  58  4:59  Extractor  
  55  5:00  Spore Crawler  
  52  5:21  Drone x5  
  52  5:22  Drone x3  
  52  5:25  Zerg Ground Armor Level 1, Zerg Melee Weapons Level 1  
  59  5:28  Overlord  
  59  5:32  Overseer  
  59  5:43  Drone x2  
  59  5:45  Queen  
  59  5:47  Drone x8  
  70  6:11  Overlord  
  70  6:12  Drone x6  
  70  6:13  Zergling x4  
  78  6:21  Centrifical Hooks  
  78  6:29  Spire  
  77  6:34  Drone, Extractor x2  
  77  6:35  Drone x7  
  83  6:52  Zergling x14  
  89  7:30  Drone  
  89  7:35  Overlord x2  
  90  7:39  Overlord x2  
  90  7:40  Zerg Missile Weapons Level 1, Zerg Ground Armor Level 2  
  88  7:47  Overlord  
  88  7:48  Overlord  
  87  7:52  Zerg Flyer Armor Level 1  
  87  7:55  Drone x2  
  87  7:57  Mutalisk x8  
  105  8:00  Overseer x2  
  105  8:20  Hatchery  
  105  8:21  Overlord  
  105  8:23  Drone  
  105  8:30  Zergling x10  
  110  8:51  Overlord x4  
  110  8:56  Mutalisk x8  
  110  8:57  Baneling Nest  
  125  9:06  Overlord x3  
  125  9:13  Pneumatized Carapace  
  125  9:32  Infestation Pit  
  125  9:37  Drone  
  125  9:39  Zergling x18  
  125  9:40  Zergling x10  
  139  9:48  Zerg Melee Weapons Level 2  
  139  9:49  Zerg Flyer Armor Level 2, Extractor  
  139  9:50  Extractor  
  137  9:58  Drone x3  
  137  9:59  Drone x4, Queen  
  126  10:15  Zergling x20  
  125  10:28  Roach  
  125  10:29  Roach x7  
  134  10:36  Zergling x4  
  134  10:42  Baneling x11  
  102  11:13  Zergling x18  
  95  11:21  Corruptor x3  
  91  11:29  Queen  
  77  11:48  Corruptor  
  77  11:49  Corruptor x6  
  80  12:02  Spore Crawler  
  80  12:03  Spore Crawler  
  80  12:04  Corruptor  
  80  12:20  Queen  
  82  12:36  Hatchery, Extractor  
  80  12:39  Extractor  
  79  13:00  Roach  
  62  13:26  Mutalisk  
  62  13:27  Roach x2  
  64  13:34  Drone  
  64  13:35  Drone x2  
  64  13:36  Drone x3  
Show
View Real Time Build Order
Export as new Build Order

Peteie Terran - Winner!

Build Orders: Hellion Opening, Mech 

Get SALT Encoding   

  12  0:01  SCV  
  13  0:13  SCV  
  14  0:19  Supply Depot  
  14  0:25  SCV  
  15  0:29  Refinery  
  15  0:40  SCV  
  16  0:52  SCV  
  16  0:53  Barracks  
  17  1:04  SCV  
  18  1:17  SCV  
  19  1:29  SCV  
  20  1:41  SCV  
  20  1:43  Reaper  
  20  1:44  Command Center  
  22  1:58  Factory  
  22  2:06  SCV  
  23  2:18  Orbital Command  
  23  2:26  Supply Depot  
  23  2:27  Barracks Reactor  
  23  2:32  Refinery  
  23  2:55  SCV  
  24  3:01  Starport  
  24  3:04  Orbital Command  
  23  3:13  SCV  
  23  3:15  Hellion  
  23  3:16  Hellion  
  28  3:21  Barracks Reactor  
  28  3:25  SCV  
  29  3:31  SCV  
  30  3:38  SCV, Hellion x2  
  35  3:45  Medivac  
  35  3:48  SCV  
  38  3:50  SCV  
  39  3:56  Armory  
  39  3:59  Hellion x2  
  39  4:00  SCV, Marine x2  
  46  4:08  Supply Depot  
  46  4:12  Supply Depot  
  46  4:23  Bunker  
  46  4:30  SCV x2, Viking  
  50  4:31  Marine x2  
  52  4:42  SCV  
  52  4:43  SCV  
  54  4:54  SCV  
  54  4:55  SCV  
  56  5:06  SCV  
  55  5:08  SCV  
  50  5:18  SCV  
  50  5:20  SCV  
  52  5:22  Hellbat x2  
  56  5:33  Refinery  
  56  5:34  Refinery  
  56  5:39  Command Center  
  56  5:43  Hellbat  
  56  5:44  SCV x2, Factory x2  
  60  6:03  SCV x2  
  62  6:13  Supply Depot  
  62  6:14  Supply Depot x2  
  62  6:20  Supply Depot  
  62  6:34  Viking x2, Hellbat x2  
  62  6:35  Terran Vehicle And Ship Armor Level 1  
  62  6:36  SCV x2  
  72  6:44  Supply Depot  
  72  6:45  Supply Depot x2  
  72  6:48  SCV  
  71  7:04  Viking x2  
  75  7:11  Factory Tech Lab x2  
  75  7:12  SCV x2  
  77  7:17  Liberator x2  
  77  7:19  Starport  
  77  7:20  Factory  
  75  7:24  SCV x2, Hellbat x2  
  80  7:31  Orbital Command  
  86  7:40  Siege Tank  
  86  7:42  Infernal Pre-Igniter  
  89  7:46  Hellbat x2  
  93  7:51  Command Center  
  93  7:58  SCV x3  
  95  8:05  Thor  
  96  8:09  Hellbat x2  
  96  8:10  SCV  
  96  8:12  Liberator  
  107  8:15  SCV x2  
  107  8:18  Hellbat  
  111  8:21  Starport Tech Lab  
  111  8:22  SCV  
  111  8:23  Refinery  
  111  8:24  Factory Reactor  
  111  8:25  Refinery  
  112  8:30  SCV x2, Hellbat  
  119  8:34  SCV  
  120  8:43  Siege Tank  
  123  8:54  Command Center  
  123  9:06  Liberator x2  
  121  9:10  Thor  
  121  9:15  Thor  
  131  9:28  Hellbat x4  
  131  9:30  Orbital Command  
  139  9:33  Command Center  
  139  9:39  Raven  
  139  9:43  SCV x3  
  144  9:49  Hellbat x2  
  148  9:54  Terran Vehicle And Ship Armor Level 2  
  148  9:57  Supply Depot  
  148  9:58  Supply Depot  
  148  9:59  Supply Depot  
  148  10:06  SCV x2, Hellbat  
  152  10:10  Liberator x2  
  152  10:17  SCV  
  152  10:18  SCV x2  
  157  10:32  Hellbat x3  
  157  10:33  Hellbat x3  
  166  10:47  Engineering Bay  
  164  10:52  Orbital Command, Refinery  
  164  10:53  Liberator, Refinery  
  164  10:54  Engineering Bay  
  158  11:02  Factory  
  158  11:03  Factory  
  127  11:14  Command Center  
  111  11:36  Hellbat x3  
  111  11:37  Medivac, Hellbat x3  
  111  11:38  Medivac  
  115  11:58  Hellbat x3  
  113  12:12  Factory Tech Lab x2  
  113  12:14  Hellbat x3  
  119  12:17  Viking x2  
  119  12:19  Raven  
  119  12:22  Hellbat x3  
  131  12:35  Hellbat  
  131  12:36  Hellbat  
  135  12:43  Hellbat x2  
  139  12:46  Viking  
  139  12:47  Viking  
  143  12:52  Thor x3  
  161  13:02  Raven  
  163  13:11  Hellbat x4  
  171  13:20  Supply Depot  
  171  13:25  Viking  
Tags
 
Add a new tag
Caveats
  • Supply blocks, unpowered buildings, or Contaminate may cause inaccurate times.
  • Supply counts are checked every 10 seconds.